Unix NetHack Version 5.0.0-0 post-release - last build Jun 10 2026 00:39:30 (3ee93aec679c4c4259841fe613dc97188e26a321,branch:main).

Game began 2026-07-08 00:11:28, ended 2026-07-08 00:27:43.

DaveT, lawful male human Priest

                                                        ---
        -----                      -------- --- --------..|
       --.|.---                    |.......--. --.--.|....---
      --.a....--                   |.......... .............
  -----..a@....---                  -.........  ...........
  |....).a.......-                  |.........- -.........
  |...-----.|.....|                 |.........| |.......
  --.--  --.|--..--                  -........---......-               --------
   |.--  |..| ----                     -...........-..------          --..--..|
   |..|  |.--       --- --------        -..................----       |.......|
   --.-- |.|    -----(---..--..--       |.....................-----   |......--
    |..--|.------.--)....^......|------ |...`.....).....--........------...^.--
    |...||.....................--|....|   -............----.>.%...............|
   --...||..-----..............| |.|..|   |....--...----  ----....-------....-|
 ---...------   --.............---.|-.|   |..)----..|        --....-    ---..<|
 |....--         ---`...|.........%| --  --...|  |..|         |......     --.--
--...--            --...|---...---.|  ----..---  ----         -......|     ---
|....|              |...|  --..|--.----....--                 ../..---
--..--              |..--   ----|..[.)).----                 |....--
 ----               ----        |..------                    --.---
                                ----                          ---
DaveT the Adept              St:9 Dx:18 Co:17 In:7 Wi:18 Ch:9  Lawful
Dlvl:4  $:49 HP:0(54) Pw:103(103) AC:2  Xp:6 T:2934  Burdened

Latest messages:
 The rothe hits!
 The rothe misses!
 The rothe bites!
 You hit the rothe!
 The rothe misses!
 The rothe bites!
 The rothe just misses!
 What do you want to drink? [diD or ?*] ?
 You feel better.
 You kill the rothe!
 You hit the rothe!
 The rothe hits!
 The rothe misses!
 The rothe misses!
 The rothe hits!
 The rothe bites!
 The rothe bites again!
 You kill the rothe!
 You see here a partly eaten rothe corpse.
 There is a partly eaten rothe corpse here; eat it? [ynq] (n) y
 You resume your meal.
 You finish eating the rothe corpse.
 There is a rothe corpse here; eat it? [ynq] (n) y
 This rothe corpse tastes terrible!
 You finish eating the rothe corpse.
 You see here a rothe corpse.
 There is a rothe corpse here; eat it? [ynq] (n) y
 This rothe corpse tastes terrible!
 You finish eating the rothe corpse.
 You see here a velvet spellbook.
 You have a little trouble lifting Q - a velvet spellbook.
 You kill the kobold!
 What do you want to read? [ghCQ or ?*] Q
 You feel threatened.
 The giant ant bites!
 The giant ant misses!
 The giant ant bites!
 The giant ant bites!
 The giant ant just misses!
 The giant ant bites!
 The giant ant bites!
 The giant ant bites!
 The giant ant bites!
 The giant ant bites!
 The giant ant bites!
 The giant ant bites!
 The giant ant bites!
 You die...
 Do you want your possessions identified? [ynq] (y) y
 Do you want to see your attributes? [ynq] (y) q

Inventory:
 Coins    ('$')
  $ - 49 gold pieces
 Weapons  (')')
  H - 7 +0 daggers
  n - a +0 orcish dagger
  I - a +0 aklys
  a - a blessed rusty +1 mace (weapon in right hand)
 Armor    ('[')
  b - a +0 robe (being worn)
  t - a +0 splint mail (being worn)
 Comestibles  ('%')
  w - a slime mold
  N - a candy bar labeled "Snacky Cake"
  e - a clove of garlic
  f - a sprig of wolfsbane
 Scrolls  ('?')
  C - a scroll of blank paper
 Spellbooks  ('+')
  g - a spellbook of detect monsters
  Q - a spellbook of detect treasure
  h - a spellbook of light
 Potions  ('!')
  i - 2 potions of healing
  d - 4 potions of holy water
  D - a potion of unholy water
 Rings    ('=')
  s - a ring of protection from shape changers (on left hand)
 Wands    ('/')
  A - a wand of digging (0:4)
  O - a wand of speed monster (0:3)
 Tools    ('(')
  L - an empty cursed sack
  p - a blindfold
  P - a blessed can of grease (0:9)
  z - a leash

DaveT the Priest's attributes:

Background:
 You were an Adept, a level 6 human Priest.
 You were lawful, on a mission for Tyr
 who was opposed by Odin (neutral) and Loki (chaotic).
 You were right-handed.
 You were in the Gnomish Mines, on level 4.
 You entered the dungeon 2934 turns ago.
 It was the midnight hour.
 You had 400 experience points, 240 more were needed to attain level 7.

Basics:
 You had 0 out of 54 hit points.
 You had all 103 energy points (spell power).
 Your armor class was 2.
 Your wallet contained 49 zorkmids.
 Autopickup was off.

Final Characteristics:
 Your strength was 9 (limit:18/100).
 Your dexterity was 18 (limit:18).
 Your constitution was 17 (limit:18).
 Your intelligence was 7 (limit:18).
 Your wisdom was 18 (limit:18).
 Your charisma was 9 (limit:18).

Final Status:
 You weren't hungry.
 You were burdened; movement was slightly slowed.
 You were wielding a mace.
 You were skilled in mace.

Final Attributes:
 You were piously aligned.
 You were telepathic.
 You were guarded.
 Your spell casting was impaired by metallic armor, mitigated by your robe.
 You were protected from shape changers.
 You are dead.

Miscellaneous:
 You encountered 1 bones level.
 Total elapsed playing time was 16 minutes and 14 seconds.

Major events:
 Turn
    1: DaveT the lawful human Priest entered the dungeon
  460: entered the Gnomish Mines
 1233: attained the rank of Acolyte (level 3)
 2607: attained the rank of Adept (level 6)
 2934: killed by a giant ant, while reading a book

Spells:
 Name                 Level Category     Fail Retention
 detect monsters        1   divination    13%  76%-100%
 light                  1   clerical      13%   81%-90%

Skills:
 Fighting Skills
   bare handed combat [Unskilled]
 Weapon Skills
   club               [Unskilled]
   mace               [Skilled]
   morning star       [Unskilled]
   flail              [Unskilled]
   hammer             [Unskilled]
   quarterstaff       [Unskilled]
   polearms           [Unskilled]
   spear              [Unskilled]
   trident            [Unskilled]
   lance              [Unskilled]
   bow                [Unskilled]
   sling              [Unskilled]
   crossbow           [Unskilled]
   dart               [Unskilled]
   shuriken           [Unskilled]
   boomerang          [Unskilled]
   unicorn horn       [Unskilled]
 Spellcasting Skills
   healing spells     [Unskilled]
   divination spells  [Unskilled]
   clerical spells    [Basic]

Voluntary challenges:
 Character rerolling was not enabled.
 You never genocided any monsters.
 You never polymorphed an object.
 You never changed form.
 You used no wishes.
Achievements:
 You entered a shop.
 You entered the Gnomish Mines.
 You attained the rank of Acolyte.
 You attained the rank of Adept.

 The Dungeons of Doom: levels 1 to 5
    Level 1:
    Level 2: "vault"
       An armor shop, a fountain.
       Stairs down to The Gnomish Mines.
    Level 3:
       A fountain.
    Level 4:
    Level 5:
       Many fountains.
 The Gnomish Mines: levels 3 to 4
    Level 3:
    Level 4: <- You were here.
       A grave.
       Final resting place for
          you, killed by a giant ant, while reading a book,
          poiuztrewq-Arc-Hum-Fem-Neu, killed by a gnome king.


Vanquished creatures:
  a gnome ruler
  a shrieker
  2 gnome leaders
  a gnomish wizard
  a golden naga hatchling
  4 giant ants
  a little dog
  2 kittens
  2 dwarves
  3 rothes
  a werejackal
  2 iguanas
 an acid blob
  a coyote
  2 giant rats
  2 cave spiders
  2 brown molds
  a green mold
 18 gnomes
  5 garter snakes
  a gecko
  8 jackals
  a fox
  a kobold
  4 sewer rats
 10 grid bugs
  3 lichens
  2 kobold zombies
  2 newts
85 creatures vanquished.

No species were genocided or became extinct.

Game over:
                       ----------
                      /          \
                     /    REST    \
                    /      IN      \
                   /     PEACE      \
                  /                  \
                  |      DaveT       |
                  |      49 Au       |
                  |   killed by a    |
                  |    giant ant     |
                  |                  |
                  |                  |
                  |       2026       |
                 *|     *  *  *      | *
        _________)/\\_//(\/(/\)/\//\/|_)_______

Goodbye DaveT the Priest...

You died in The Gnomish Mines on dungeon level 4 with 1905 points,
and 49 pieces of gold, after 2934 moves.
You were level 6 with a maximum of 54 hit points when you died.

